 Dungeon Crawl Stone Soup version 0.29.1-4-g47bece8355 (webtiles) character file.

Game seed: 1381419378451009473

125 fishmans the Magician (level 4, -7/33 HPs)
             Began as a Draconian Air Elementalist on Dec 3, 2022.
             Mangled by a killer bee (8 damage)
             ... on level 4 of the Dungeon.
             The game lasted 00:19:42 (4182 turns).

fishmans the Magician (Draconian Air Elementalist)  Turns: 4182, Time: 00:19:43

Health: -7/33      AC:  5    Str: 11    XL:     4   Next: 82%
Magic:  3/9        EV: 12    Int: 17    God:
Gold:   124        SH:  5    Dex: 11    Spells: 6/10 levels left

rFire   x . .      SeeInvis .   l - +2 whip (vamp)
rCold   + . .      Faith    .   c - orb {light}
rNeg    . . .      Spirit   .   (body armour unavailable)
rPois   .          Reflect  +   (helmet restricted)
rElec   .          Harm     .   (no cloak)
rCorr   .          Rampage  .   (no gloves)
Will    .....                   (no boots)
Stlth   +.........              g - amulet of reflection
HPRegen 0.11/turn               h - ring of ice
MPRegen 0.11/turn               (no ring)

@: lethally poisoned (-7 -> -11), sluggish, hasted, glowing
A: AC +5, unfitting armour, cold-blooded
a: no special abilities


You were on level 4 of the Dungeon.
You visited 1 branch of the dungeon, and saw 4 of its levels.

You collected 124 gold pieces.

Inventory:

Hand Weapons
 b - a +0 club
 l - a +2 vampiric whip (weapon)
Missiles
 k - 17 stones
 m - 2 poisoned darts
Armour
 c - an orb of light (worn)
Jewellery
 e - an amulet of the acrobat
 g - an amulet of reflection (around neck)
 h - a ring of ice (left hand)
Scrolls
 i - 2 scrolls of identify
Potions
 a - a potion of magic
 d - a potion of might
 j - a potion of brilliance
 n - a potion of cancellation {unknown}
 o - 2 potions of degeneration {unknown}


   Skills:
 - Level 1.7 Dodging
 - Level 1.7 Stealth
 + Level 3.6 Spellcasting
 + Level 3.3 Conjurations
 - Level 3.0 Air Magic


You had 6 spell levels left.
You knew the following spells:

 Your Spells              Type           Power      Damage    Failure   Level
a - Shock                 Conj/Air       52%        1d6       4%          1
b - Swiftness             Air            13%        N/A       14%         3

Your spell library contained the following spells:

 Spells                   Type           Power      Damage    Failure   Level
 Static Discharge         Conj/Air       13%        3-5/arc   7%          2
 Mephitic Cloud           Conj/Pois/Air  10%        N/A       21%         3
 Sublimation of Blood     Necr           3%         N/A       26%         2
 Wereblood                Tmut           3%         N/A       26%         2
 Airstrike                Air            6%         2d(1-17)  43%         4
 Ignite Poison            Fire/Tmut/Pois 3%         N/A       45%         3
 Freezing Cloud           Conj/Ice/Air   7%         6-21      88%         5
 Summon Hydra             Summ           1%         N/A       100%        7


Dungeon Overview and Level Annotations

Branches:
Dungeon (4/15)
 Temple: D:4-7

Altars:
Ashenzari
Elyvilon
Okawaru
Wu Jian

Annotations:
D:3 Pargi
D:4 Ijyb


Innate Abilities, Weirdness & Mutations

Your plain brown scales are hard. (AC +5)
You cannot fit into any form of body armour.
You are cold-blooded and may be slowed by cold attacks.


Message History

Pargi is severely wounded.
The zap hits Pargi.
Pargi is severely wounded.
The zap misses you. Pargi bites you.
* * * LOW HITPOINT WARNING * * *
You block Pargi's attack. Pargi completely misses you.
Casting: Shock (safe; 4% risk of failure)
Confirm with . or Enter, or press ? or * to list all spells.
The spell is quite dangerous to miscast (14% risk of failure)!
Continue anyway?
You feel quick. Pargi bites you.
* * * LOW HITPOINT WARNING * * *
Pargi claws you but does no damage. Pargi claws you.
* * * LOW HITPOINT WARNING * * *
You start to feel a little slower.
You feel sluggish.
There is a stone staircase leading down here.
You climb downwards.
You hear the sound of rushing water.
There is an entrance to a sewer on this level.
Hurry and find it before the portal rusts away!
The killer bee buzzes angrily. x2; The kobold shouts!
You hear a shout!
Found a scroll of identify.
Found a stone staircase leading down.
There is a stone staircase leading up here.
You block the killer bee's attack. The killer bee closely misses you.
You feel yourself speed up. The killer bee barely misses you.
The killer bee stings you.
* * * LOW HITPOINT WARNING * * *
You are lethally poisoned!
The killer bee poisons you!
The killer bee stings you but does no damage.
You start to feel a little faster.
* * * LOW HITPOINT WARNING * * *
You feel sick.
Ijyb the Twisted Goblin comes into view.
She is wielding a +0 club and carrying a wand of flame (21).
The killer bee attacks as you move away!
The killer bee stings you but does no damage.
The killer bee attacks as you move away!
The killer bee stings you but does no damage.
* * * LOW HITPOINT WARNING * * *
You feel sick. The killer bee stings you!
You die...

### g... ..#
....... ..#
#..?....# ..#
#....>..# ..#
........# ..#
#.......###..###..
........yy@.......
#....h..yy.#####.
#..........#
###..K<....#
#...##....#.# #.#
######.# .. ...#
## ####


You could see a hound, 4 killer bees and a kobold.

Vanquished Creatures
  Terence (D:3)
  2 adders (D:3)
  A worm (D:2)
  A dart slug (D:1)
  An orc (D:3)
  9 ball pythons
  10 bats
  6 endoplasms
  3 giant cockroaches
  6 goblins
  4 hobgoblins
  3 jackals (D:3)
  4 quokkas (D:3)
  4 frilled lizards
  9 kobolds
  4 rats
68 creatures vanquished.

Vanquished Creatures (others)
  2 plants (D:1)
2 creatures vanquished.

Grand Total: 70 creatures vanquished

Notes
Turn   | Place    | Note
-------+----------+-------------------------------------------
     0 | D:1      | fishmans the Draconian Air Elementalist began the quest for
                  | the Orb.
     0 | D:1      | Reached XP level 1. HP: 14/14 MP: 3/3
   409 | D:1      | Reached XP level 2. HP: 20/20 MP: 3/5
  1052 | D:1      | Reached XP level 3. HP: 26/26 MP: 2/7
  1585 | D:2      | Learned a level 3 spell: Swiftness
  2100 | D:2      | Found a faded altar of an unknown god.
  2393 | D:3      | Identified the +0 pair of gloves "Luir Egi" {Will+}
  2684 | D:3      | Reached XP level 4. HP: 33/33 MP: 5/8
  2896 | D:3      | Found a white marble altar of Elyvilon.
  3327 | D:3      | Found an iron altar of Okawaru.
  3327 | D:3      | Noticed Pargi
  3464 | D:3      | Noticed Terence
  3483 | D:3      | Killed Terence
  3665 | D:3      | Found a broken altar of Ashenzari.
  3665 | D:3      | Found an ornate altar of the Wu Jian Council.
  4181 | D:4      | Noticed Ijyb
  4182 | D:4      | HP: 1/33 [poisoned by a killer bee]
  4182 | D:4      | Mangled by a killer bee

Illustrated notes

Levels and vault maps discovered:
D:1:      wander_arrival_fairy_ring, layout_loops_ring, minmay_heptomino_o4
D:2:      layout_rooms, ebering_ecumenical_altar_hall
D:3:      layout_basic, gammafunk_temple_overflow_wave,
          mainiacjoe_overflow_concentric_impassable, okawaru_gym_becter,
          uniq_terence, uniq_pargi
D:4:      old_forge, layout_basic, gup_sewer_entry_glass,
          serial_co_window_serial, co_window_of_opportunity_a,
          co_window_paths_b, co_window_corner_a, co_window_of_opportunity_a,
          co_window_paths_a, co_window_unsneaky_path_c, co_window_corner_b,
          co_window_cross_3, co_window_unsneaky_path_a, co_window_paths_e,
          glass_columns_b, glass_columns_b, glass_columns_a, uniq_ijyb,
          uniq_pikel

Skill      XL: |  1  2  3  4 |
---------------+-------------+-----
Conjurations   | 2 3 |  3.3
Spellcasting   | 3 |  3.6
Dodging        | |  1.7
Stealth        | |  1.7
Air Magic      | |  3.0

Action                   |  1- 3 |  4- 6 || total
-------------------------+-------+-------++-------
Melee: Unarmed           |    14 |       ||    14
       Club              |     4 |       ||     4
       Whip              |       |     8 ||     8
       Tailslap          |       |     1 ||     1
 Cast: Shock             |   108 |    52 ||   160
       Swiftness         |       |     4 ||     4
  Use: Scroll            |     4 |     1 ||     5
       Potion            |       |     2 ||     2
Armor: Skin              |    25 |    30 ||    55
Dodge: Dodged            |    28 |    50 ||    78
Block: Other             |    11 |     9 ||    20
       Reflection        |     2 |       ||     2
       Orb               |       |     9 ||     9
